 Dungeon Crawl Stone Soup version 0.31-a0-175-g9f7f995f2b (webtiles) character file.

Game seed: 5109985554999271117

1000 qw the Shooter (level 8, 0/61 (72) HPs)
             Began as a Naga Hunter on June 17, 2023.
             Was a Follower of Okawaru.
             Slain by a wight
             ... wielding a +0 spear
              (2 damage)
             ... on level 5 of the Dungeon.
             The game lasted 00:01:35 (3695 turns).

qw the Shooter (Naga Hunter)                        Turns: 3695, Time: 00:01:36

HP:   0/61 (72)     AC:  4    Str: 14    XL:     8   Next: 19%
MP:   8/10          EV: 13    Int:  9    God:    Okawaru [*.....]
Gold: 133           SH:  0    Dex: 17    Spells: 7/7 levels left

rFire   . . .        Y - +0 shortbow
rCold   . . .        (shield currently unavailable)
rNeg    . . .        c - +0 leather armour
rPois   +            (no helmet)
rElec   .            (no cloak)
rCorr   .            (no gloves)
SInv    +            (no barding)
Will    +....        (no amulet)
Stlth   +++          (no ring)
HPRegen 0.30/turn    (no ring)
MPRegen 0.12/turn

%: no passive effects
@: heroic, heavily drained, very slow
A: AC +2, large, see invisible, deformed body, poison resistance, slowness 2,
spit poison 1, naga tail 1
a: Spit Poison, Renounce Religion, Heroism


You were on level 5 of the Dungeon.
You worshipped Okawaru.
Okawaru was aware of your devotion.
You visited 1 branch of the dungeon, and saw 5 of its levels.

You collected 133 gold pieces.


Innate Abilities, Weirdness & Mutations

Your serpentine skin is tough. (AC +2)
You have supernaturally acute eyesight. (SInv)
Armour fits poorly on your strangely shaped body.
Your system is resistant to poisons. (rPois)
You cover ground very slowly.
You can spit poison.
You have a snake-like lower body.


   Skills:
 - Level 4.0(9.0) Fighting
 + Level 7.8(12.8) Ranged Weapons
 - Level 2.0(7.0) Dodging
 - Level 1.5(6.5) Stealth
 + Level 3.8 Invocations


You had 7 spell levels left.
You didn't know any spells.
Your spell library was empty.

Inventory:

Hand Weapons
 Y - a +0 shortbow (weapon)
Armour
 c - a +0 leather armour (worn)
 j - a +1 robe of cold resistance
 m - a +1 pair of gloves
Jewellery
 h - a ring of fire
Scrolls
 i - a scroll of fog {unknown}
 k - a scroll of amnesia {unknown}
 l - a scroll of silence {unknown}
Potions
 a - a potion of heal wounds {unknown}
 b - a potion of cancellation {unknown}
 d - 2 potions of curing
 e - a potion of magic
 f - a potion of berserk rage {unknown}
 g - a potion of haste {unknown}

Dungeon Overview and Level Annotations

Branches:
Dungeon (5/15)
 Temple: D:4-7

Altars:
Ashenzari
Kikubaaqudgha
Nemelex Xobeh
Okawaru

Shops:
D:3 [


Message History

The wight misses you.
You shoot an arrow. The arrow hits the wight.
The wight is severely damaged.
The wight hits you with a +2 short sword of freezing.
The wight freezes you.
The wight hits you from afar with a +0 spear!
You shoot an arrow. The arrow closely misses the wight.
The wight closely misses you. The wight barely misses you. x2
You shoot an arrow. The arrow hits the wight!
You destroy the wight!
Okawaru accepts your kill.
The wight hits you with a +2 short sword of freezing.
You feel drained. The wight freezes you.
The wight hits you from afar with a +0 spear.
3690 ||| INVOKING Heroism.
You gain the combat prowess of a mighty hero.
The wight hits you with a +2 short sword of freezing.
You feel drained. The wight freezes you.
The wight hits you from afar with a +0 spear.
You shoot an arrow. The arrow completely misses the wight.
The wight hits you from afar with a +0 spear.
You feel drained.
The wight hits you with a +2 short sword of freezing.
You feel drained. The wight freezes you.
You shoot an arrow. The arrow hits the wight!
The wight is heavily damaged.
The wight hits you with a +2 short sword of freezing!
You feel drained. The wight freezes you. The wight closely misses you.
You shoot an arrow. The arrow hits the wight.
The wight is severely damaged.
You shoot an arrow.
The arrow hits the wight but does no damage.
The wight is severely damaged.
The wight barely misses you. The wight hits you but does no damage.
You shoot an arrow. The arrow hits the wight.
The wight is almost destroyed.
The wight hits you with a +2 short sword of freezing.
You feel drained. The wight freezes you.
The wight hits you from afar with a +0 spear.
You die...

#.... ...... ..+ ##....
###......# ..# #.....
.........##..# #.....
#............####+ #.....
#................. .......
#.........z....... .##....
#........z......##+########
#....}.}.)@.....##...##....
#....._...............#....
##...})}.###....##....#....
##...#.#+###....##....#....
#..........#.........####'#
#..........#.........##)...
#..........#.........'.....
#..........#....###'###....
##.........#....##...##....


You could see 2 wights.

Vanquished Creatures
  Sigmund (D:5)
  A phantom (D:5)
  2 wights (D:5)
  2 scorpions (D:5)
  2 jellies (D:5)
  2 hounds
  An orc priest (D:3)
  3 iguanas
  4 orc wizards
  9 adders
  2 worms (D:3)
  3 dart slugs
  17 orcs
  8 ball pythons
  4 endoplasms
  2 giant cockroaches
  7 goblins
  4 hobgoblins
  4 jackals
  8 kobolds
  7 quokkas
  8 bats
  2 frilled lizards
  4 rats
107 creatures vanquished.

Notes
Turn   | Place    | Note
-------+----------+-------------------------------------------
     0 | D:1      | qw the Naga Hunter began the quest for the Orb.
     0 | D:1      | Reached XP level 1. HP: 19/19 MP: 1/1
     0 | D:1      | 0 ||| qw: Version: 0.3-a-2-g5ab2908
     0 | D:1      | 0 ||| qw: Game counter: 155
     0 | D:1      | 0 ||| qw: Always use a shield: true
     0 | D:1      | 0 ||| qw: God list: Okawaru
     0 | D:1      | 0 ||| qw: Allow faded altars: false
     0 | D:1      | 0 ||| qw: Do Orc after D:15 true
     0 | D:1      | 0 ||| qw: Do second Lair branch before Depths: true
     0 | D:1      | 0 ||| qw: Lair rune preference: random
     0 | D:1      | 0 ||| qw: Plans: Normal
     0 | D:1      | 0 ||| PLANNING D:1-11
    59 | D:1      | 59 ||| INVOKING Spit Poison.
    62 | D:1      | 62 ||| INVOKING Spit Poison.
    86 | D:1      | 86 ||| INVOKING Spit Poison.
   113 | D:1      | 113 ||| INVOKING Spit Poison.
   124 | D:1      | 124 ||| INVOKING Spit Poison.
   129 | D:1      | 129 ||| INVOKING Spit Poison.
   135 | D:1      | Reached skill level 4 in Ranged Weapons
   135 | D:1      | Reached XP level 2. HP: 15/26 MP: 2/2
   293 | D:1      | 293 ||| INVOKING Spit Poison.
   297 | D:1      | 297 ||| INVOKING Spit Poison.
   330 | D:1      | 330 ||| INVOKING Spit Poison.
   340 | D:1      | 340 ||| INVOKING Spit Poison.
   427 | D:1      | 427 ||| INVOKING Spit Poison.
   443 | D:1      | 443 ||| INVOKING Spit Poison.
   588 | D:1      | 588 ||| INVOKING Spit Poison.
   734 | D:1      | 734 ||| INVOKING Spit Poison.
   739 | D:1      | 739 ||| INVOKING Spit Poison.
   743 | D:1      | 743 ||| INVOKING Spit Poison.
   885 | D:1      | 885 ||| READING scroll labelled OPPARA BOONO.
   890 | D:1      | 890 ||| DRINKING 2 purple potions.
   891 | D:1      | 891 ||| DROPPING scroll of butterflies.
   892 | D:1      | 892 ||| DROPPING potion of attraction.
   923 | D:2      | 923 ||| INVOKING Spit Poison.
   941 | D:2      | 941 ||| INVOKING Spit Poison.
   946 | D:2      | Reached XP level 3. HP: 32/32 MP: 3/3
   978 | D:2      | 978 ||| INVOKING Spit Poison.
   982 | D:2      | 982 ||| INVOKING Spit Poison.
   986 | D:2      | 986 ||| INVOKING Spit Poison.
  1002 | D:2      | 1002 ||| INVOKING Spit Poison.
  1008 | D:2      | 1008 ||| INVOKING Spit Poison.
  1125 | D:2      | 1125 ||| INVOKING Spit Poison.
  1129 | D:2      | 1129 ||| INVOKING Spit Poison.
  1167 | D:2      | 1167 ||| INVOKING Spit Poison.
  1174 | D:2      | 1174 ||| INVOKING Spit Poison.
  1315 | D:2      | 1315 ||| INVOKING Spit Poison.
  1319 | D:2      | 1319 ||| INVOKING Spit Poison.
  1321 | D:2      | Reached skill level 5 in Ranged Weapons
  1321 | D:2      | Reached XP level 4. HP: 35/39 MP: 4/4
  1376 | D:2      | 1376 ||| INVOKING Spit Poison.
  1549 | D:2      | 1549 ||| INVOKING Spit Poison.
  1628 | D:2      | 1628 ||| READING scroll labelled OTHREO KEFFAQA.
  1629 | D:2      | 1629 ||| READING scroll labelled YKHLIN COOTISECHU.
  1643 | D:3      | 1643 ||| INVOKING Spit Poison.
  1647 | D:3      | 1647 ||| STAIRDANCE
  1649 | D:2      | 1649 ||| INVOKING Spit Poison.
  1652 | D:2      | 1652 ||| INVOKING Spit Poison.
  1655 | D:2      | HP: 10/40 [ball python (3)]
  1655 | D:2      | HP: 3/40 [ball python (3)]
  1657 | D:2      | 1657 ||| INVOKING Spit Poison.
  1817 | D:3      | 1817 ||| INVOKING Spit Poison.
  1824 | D:3      | 1824 ||| INVOKING Spit Poison.
  1831 | D:3      | 1831 ||| INVOKING Spit Poison.
  1860 | D:3      | 1860 ||| INVOKING Spit Poison.
  1861 | D:3      | Reached skill level 3 in Fighting
  1861 | D:3      | Reached XP level 5. HP: 49/49 MP: 5/5
  1871 | D:3      | 1871 ||| INVOKING Spit Poison.
  1874 | D:3      | 1874 ||| INVOKING Spit Poison.
  1886 | D:3      | Found an iron altar of Okawaru.
  1886 | D:3      | Found an ancient bone altar of Kikubaaqudgha.
  1887 | D:3      | 1887 ||| PLANNING OKAWARU WORSHIP
  1887 | D:3      | 1887 ||| DRINKING 3 fuming clear potions.
  1892 | D:3      | Became a worshipper of Warmaster Okawaru
  1893 | D:3      | 1893 ||| PLANNING D:1-11
  1896 | D:3      | 1896 ||| INVOKING Spit Poison.
  1940 | D:3      | 1940 ||| INVOKING Spit Poison.
  1944 | D:3      | 1944 ||| INVOKING Spit Poison.
  2008 | D:3      | 2008 ||| INVOKING Spit Poison.
  2012 | D:3      | 2012 ||| INVOKING Spit Poison.
  2033 | D:3      | 2033 ||| INVOKING Spit Poison.
  2072 | D:3      | 2072 ||| INVOKING Spit Poison.
  2077 | D:3      | 2077 ||| INVOKING Spit Poison.
  2100 | D:3      | 2100 ||| INVOKING Spit Poison.
  2103 | D:3      | 2103 ||| INVOKING Spit Poison.
  2110 | D:3      | 2110 ||| INVOKING Spit Poison.
  2117 | D:3      | 2117 ||| INVOKING Spit Poison.
  2119 | D:3      | Reached skill level 6 in Ranged Weapons
  2119 | D:3      | Reached XP level 6. HP: 28/56 MP: 6/6
  2234 | D:3      | 2234 ||| INVOKING Spit Poison.
  2239 | D:3      | 2239 ||| INVOKING Spit Poison.
  2243 | D:3      | 2243 ||| INVOKING Spit Poison.
  2249 | D:3      | 2249 ||| INVOKING Spit Poison.
  2253 | D:3      | 2253 ||| INVOKING Spit Poison.
  2262 | D:3      | 2262 ||| INVOKING Spit Poison.
  2321 | D:3      | Found Voskodah's Antique Armour Shoppe.
  2323 | D:3      | 2323 ||| INVOKING Spit Poison.
  2326 | D:3      | 2326 ||| INVOKING Spit Poison.
  2331 | D:3      | 2331 ||| INVOKING Spit Poison.
  2334 | D:3      | 2334 ||| INVOKING Spit Poison.
  2418 | D:3      | 2418 ||| INVOKING Spit Poison.
  2471 | D:3      | Found a faded altar of an unknown god.
  2474 | D:3      | 2474 ||| INVOKING Spit Poison.
  2609 | D:3      | 2609 ||| DRINKING 2 amethyst potions.
  2630 | D:4      | 2630 ||| INVOKING Spit Poison.
  2633 | D:4      | 2633 ||| INVOKING Spit Poison.
  2639 | D:4      | 2639 ||| INVOKING Spit Poison.
  2743 | D:4      | 2743 ||| INVOKING Spit Poison.
  2749 | D:4      | 2749 ||| INVOKING Spit Poison.
  2799 | D:4      | 2799 ||| INVOKING Spit Poison.
  2804 | D:4      | 2804 ||| INVOKING Spit Poison.
  2810 | D:4      | Found a broken altar of Ashenzari.
  2832 | D:4      | 2832 ||| INVOKING Spit Poison.
  2837 | D:4      | 2837 ||| INVOKING Spit Poison.
  2840 | D:4      | 2840 ||| INVOKING Spit Poison.
  2847 | D:4      | 2847 ||| INVOKING Spit Poison.
  2897 | D:4      | 2897 ||| INVOKING Spit Poison.
  2926 | D:4      | 2926 ||| INVOKING Spit Poison.
  2945 | D:4      | 2945 ||| INVOKING Spit Poison.
  3001 | D:4      | 3001 ||| INVOKING Spit Poison.
  3079 | D:4      | 3079 ||| INVOKING Spit Poison.
  3175 | D:4      | 3175 ||| READING scroll labelled ZAAGHE AT DEEN.
  3178 | D:5      | Entered Level 5 of the Dungeon
  3182 | D:5      | 3182 ||| INVOKING Spit Poison.
  3187 | D:5      | 3187 ||| INVOKING Spit Poison.
  3190 | D:5      | 3190 ||| DRINKING 3 potions of curing.
  3190 | D:5      | 3190 ||| (to cure confusion)
  3192 | D:5      | 3192 ||| INVOKING Spit Poison.
  3192 | D:5      | Reached * piety under Okawaru
  3198 | D:5      | 3198 ||| INVOKING Heroism.
  3199 | D:5      | 3199 ||| INVOKING Spit Poison.
  3206 | D:5      | 3206 ||| INVOKING Spit Poison.
  3207 | D:5      | Reached XP level 7. HP: 39/64 MP: 4/7
  3312 | D:5      | 3312 ||| INVOKING Spit Poison.
  3318 | D:5      | 3318 ||| INVOKING Spit Poison.
  3368 | D:5      | 3368 ||| INVOKING Spit Poison.
  3375 | D:5      | 3375 ||| INVOKING Spit Poison.
  3385 | D:5      | 3385 ||| INVOKING Heroism.
  3403 | D:5      | 3403 ||| INVOKING Spit Poison.
  3404 | D:5      | Reached skill level 7 in Ranged Weapons
  3404 | D:5      | Reached skill level 1 in Invocations
  3494 | D:5      | 3494 ||| INVOKING Heroism.
  3503 | D:5      | Noticed Sigmund
  3507 | D:5      | Killed Sigmund
  3508 | D:5      | Reached skill level 3 in Invocations
  3508 | D:5      | Reached XP level 8. HP: 72/72 MP: 7/10
  3519 | D:5      | 3519 ||| INVOKING Spit Poison.
  3594 | D:5      | 3594 ||| INVOKING Spit Poison.
  3615 | D:5      | Found a sparkling altar of Nemelex Xobeh.
  3690 | D:5      | 3690 ||| INVOKING Heroism.
  3692 | D:5      | HP: 13/65 [wight/+2 short sword of freezing (7)]
  3695 | D:5      | HP: 5/63 [wight/+2 short sword of freezing (4)]
  3695 | D:5      | HP: 2/61 [wight/+2 short sword of freezing (2)]
  3695 | D:5      | Slain by a wight

Levels and vault maps discovered:
D:1:      kilobyte_arrival_exit_the_forest, layout_basic, hex_intersection
D:2:      layout_basic
D:3:      layout_basic, jmf_multi_god_temple, serial_shops, nicolae_square_shop,
          dreamdust_ecumenical_altar_statues
D:4:      layout_rooms, mainiacjoe_overflow_paths,
          hangedman_abyss_or_decor_stagger
D:5:      layout_gridville, nemelex_xobeh_ov_fountains_minmay, temple_green,
          uniq_sigmund

Skill      XL: |  1  2  3  4  5  6  7 |
---------------+----------------------+-----
Ranged Weapons | 4 5 6 7 |  7.8
Fighting       | 3 4 |  4.0
Dodging        | 2 |  2.0
Invocations    | 3 |  3.8
Stealth        | |  1.5

Action                     |  1- 3 |  4- 6 |  7- 9 || total
---------------------------+-------+-------+-------++-------
   Fire: Shortbow          |    67 |   170 |    72 ||   309
 Invoke: Heroism           |       |     1 |     3 ||     4
Ability: Spit Poison       |    29 |    57 |     7 ||    93
    Use: Scroll            |     1 |     3 |       ||     4
         Potion            |     1 |     3 |       ||     4
 Armour: Leather armour    |    11 |    28 |     3 ||    42
  Dodge: Dodged            |    17 |    60 |    12 ||    89

Table legend:
 A = Non-vault XP
 B = Vault XP
 C = Vault XP percentage of total XP
 D = Non-vault monster count
 E = Vault monster count
 F = Vault count percentage of total count
                 A         B        C        D         E       F
            +---------+---------+-------+---------+---------+-------
      Total |    1185 |     244 |  17.1 |     104 |       3 |   2.8
            +---------+---------+-------+---------+---------+-------
        D:1 |      27 |       0 |   0.0 |      17 |       0 |   0.0
        D:2 |     125 |       0 |   0.0 |      24 |       0 |   0.0
        D:3 |     267 |       5 |   1.8 |      27 |       2 |   6.9
        D:4 |     130 |       0 |   0.0 |      18 |       0 |   0.0
        D:5 |     636 |     239 |  27.3 |      18 |       1 |   5.3
            +---------+---------+-------+---------+---------+-------
